NYP
LOS ANGELES (NYP) ANGELS @ EVERETT AQUASOX
08/20/2044
 
TOP OF THE 1ST
Los Angeles (NYP) Angels batting - Pitching for Everett AquaSox : RHP In Bea
Pitching: RHP In Bea
Batting: RHB Steve Hasson 0-0: Called Strike
0-1: Called Strike
0-2: Ball
1-2: Foul Ball, location: 2F
1-2: Ball
2-2: Strikes out swinging
Batting: RHB Tsega Haida 0-0: Called Strike
0-1: Ball
1-1: Called Strike
1-2: Strikes out swinging
Batting: RHB Jon Griffin 0-0: Foul Ball, location: 2F
0-1: Swinging Strike
0-2: Ball
1-2: SINGLE (Groundball, 34S, EV 63.1 MPH) (infield hit)
Batting: SHB Conor Davies 0-0: Ball
Jon Griffin steals 2nd, throwing error, E2
Jon Griffin to third
1-0: Foul Ball, location: 2F
1-1: Swinging Strike
1-2: Ground out 4-3 (Groundball, 4, EV 97.5 MPH)
Top of the 1st over - 0 runs, 1 hit, 1 error, 1 left on base; Los Angeles (NYP) 0 - Everett 0
BOTTOM OF THE 1ST
Everett AquaSox batting - Pitching for Los Angeles (NYP) Angels : RHP Bartholomeu Voivodic
Pitching: RHP Bartholomeu Voivodic
Batting: RHB Kikuo Sato 0-0: Called Strike
0-1: Ball
1-1: Foul Ball, location: 2F
1-2: DOUBLE (Flyball, 78D, EV 93.1 MPH)
Batting: RHB Salvador Avina 0-0: Ball
Kikuo Sato steals 3rd base
1-0: Ball
2-0: Called Strike
2-1: Ball
3-1: Swinging Strike
3-2: Base on Balls
Batting: RHB John Peterson 0-0: Foul Ball, location: 2F
0-1: Ball
1-1: SINGLE (Line Drive, 89M, EV 93.1 MPH)
Kikuo Sato scores
Salvador Avina to second
Batting: LHB Jawad Fahad 0-0: Ball
1-0: Foul Ball, location: 2F
1-1: Fly out, F8 (Flyball, 8RS, EV 82.5 MPH)
Batting: RHB Hideo Okimura 0-0: Ball
1-0: Fly out, F8 (Flyball, 89M, EV 98.1 MPH)
Batting: LHB Kenny Gerrity 0-0: Foul Ball, location: 2F
0-1: Called Strike
0-2: Fly out, F8 (Flyball, 8LM, EV 73.8 MPH)
Bottom of the 1st over - 1 run, 2 hits, 0 errors, 2 left on base; Los Angeles (NYP) 0 - Everett 1
TOP OF THE 2ND
Los Angeles (NYP) Angels batting - Pitching for Everett AquaSox : RHP In Bea
Batting: RHB John Beddow 0-0: Ball
1-0: Swinging Strike
1-1: Reached on error, E2 (Groundball, 2L, EV 66.9 MPH)
Batting: RHB Jason Habeck 0-0: Foul Ball, location: 2F
0-1: Foul Ball, location: 2F
0-2: Ball
1-2: Strikes out swinging
Batting: RHB Steve Hughey 0-0: Ball
John Beddow steals 2nd base
1-0: Swinging Strike
Balk!
John Beddow to third
1-1: Ball
2-1: Called Strike
2-2: Foul Ball, location: 2F
2-2: Ball
3-2: SINGLE (Line Drive, 8RS, EV 98.1 MPH)
John Beddow scores
Batting: RHB David Kunze 0-0: Ball
1-0: Called Strike
1-1: Foul Ball, location: 2F
1-2: Strikes out swinging
Batting: RHB D.J. Martinez 0-0: Ball
1-0: Ground out U3 (Groundball, 34, EV 92.5 MPH)
Top of the 2nd over - 1 run, 1 hit, 1 error, 1 left on base; Los Angeles (NYP) 1 - Everett 1
BOTTOM OF THE 2ND
Everett AquaSox batting - Pitching for Los Angeles (NYP) Angels : RHP Bartholomeu Voivodic
Batting: SHB Raghnall Ahearne 0-0: Called Strike
0-1: Fly out, F7 (Flyball, 7D, EV 87.5 MPH)
Batting: RHB Clay Statum 0-0: Ground out 1-3 (Groundball, 15, EV 70.6 MPH)
Batting: SHB Ryan Clark 0-0: Ball
1-0: Ball
2-0: Ball
3-0: Called Strike
3-1: Base on Balls
Batting: RHB Kikuo Sato 0-0: Ball
1-0: Ball
2-0: Foul Ball, location: 2F
2-1: Foul Ball, location: 2F
2-2: Ball
3-2: Strikes out swinging
Bottom of the 2nd over - 0 runs, 0 hits, 0 errors, 1 left on base; Los Angeles (NYP) 1 - Everett 1
TOP OF THE 3RD
Los Angeles (NYP) Angels batting - Pitching for Everett AquaSox : RHP In Bea
Batting: RHB Steve Hasson 0-0: Foul Ball, location: 2F
0-1: Ball
1-1: Ball
2-1: Called Strike
2-2: Strikes out swinging
Batting: RHB Tsega Haida 0-0: Called Strike
0-1: Called Strike
0-2: Strikes out swinging
Batting: RHB Jon Griffin 0-0: Ground out 6-3 (Groundball, 6, EV 103.8 MPH)
Top of the 3rd over - 0 runs, 0 hits, 0 errors, 0 left on base; Los Angeles (NYP) 1 - Everett 1
BOTTOM OF THE 3RD
Everett AquaSox batting - Pitching for Los Angeles (NYP) Angels : RHP Bartholomeu Voivodic
Batting: RHB Salvador Avina 0-0: Swinging Strike
0-1: Ball
1-1: Foul Ball, location: 2F
1-2: Strikes out swinging
Batting: RHB John Peterson 0-0: Swinging Strike
0-1: Ground out 4-3 (Groundball, 4, EV 104.4 MPH)
Batting: LHB Jawad Fahad 0-0: Ball
1-0: Foul Ball, location: 2F
1-1: Ball
2-1: Foul Ball, location: 2F
2-2: Ball
3-2: Foul Ball, location: 2F
3-2: Ground out 6-3 (Groundball, 6, EV 87.5 MPH)
Bottom of the 3rd over - 0 runs, 0 hits, 0 errors, 0 left on base; Los Angeles (NYP) 1 - Everett 1
TOP OF THE 4TH
Los Angeles (NYP) Angels batting - Pitching for Everett AquaSox : RHP In Bea
Batting: SHB Conor Davies 0-0: Ground out 1-3 (Groundball, 15S, EV 66.3 MPH)
Batting: RHB John Beddow 0-0: Called Strike
0-1: Ground out U3 (Groundball, 34S, EV 93.1 MPH)
Batting: RHB Jason Habeck 0-0: Called Strike
0-1: Fly out, F5 (Popup, 25, EV 86.9 MPH)
Top of the 4th over - 0 runs, 0 hits, 0 errors, 0 left on base; Los Angeles (NYP) 1 - Everett 1
BOTTOM OF THE 4TH
Everett AquaSox batting - Pitching for Los Angeles (NYP) Angels : RHP Bartholomeu Voivodic
Batting: RHB Hideo Okimura 0-0: Called Strike
0-1: Ground out 5-3 (Groundball, 56, EV 81.9 MPH)
Batting: LHB Kenny Gerrity 0-0: Called Strike
0-1: Foul Ball, location: 2F
0-2: Ground out U3 (Groundball, 3, EV 101.9 MPH)
Batting: SHB Raghnall Ahearne 0-0: Fly out, F7 (Flyball, 7LS, EV 97.5 MPH)
Bottom of the 4th over - 0 runs, 0 hits, 0 errors, 0 left on base; Los Angeles (NYP) 1 - Everett 1
TOP OF THE 5TH
Los Angeles (NYP) Angels batting - Pitching for Everett AquaSox : RHP In Bea
Batting: RHB Steve Hughey 0-0: Foul Ball, location: 2F
0-1: Ball
1-1: Fly out, F9 (Flyball, 89M, EV 95.6 MPH)
Batting: RHB David Kunze 0-0: Swinging Strike
0-1: Swinging Strike
0-2: Strikes out swinging
Batting: RHB D.J. Martinez 0-0: Called Strike
0-1: Ball
1-1: Swinging Strike
1-2: Ball
2-2: Ball
3-2: Strikes out swinging wild pitch, reaches first!
Batting: RHB Steve Hasson 0-0: Called Strike
0-1: Foul Ball, location: 2F
0-2: Ball
1-2: Strikes out swinging
Top of the 5th over - 0 runs, 0 hits, 0 errors, 1 left on base; Los Angeles (NYP) 1 - Everett 1
BOTTOM OF THE 5TH
Everett AquaSox batting - Pitching for Los Angeles (NYP) Angels : RHP Bartholomeu Voivodic
Batting: RHB Clay Statum 0-0: Ball
1-0: Ball
2-0: Called Strike
2-1: Ground out 6-3 (Groundball, 6MD, EV 81.9 MPH)
Batting: SHB Ryan Clark 0-0: Called Strike
0-1: Called Strike
0-2: Foul Ball, location: 2F
0-2: Foul Ball, location: 2F
0-2: Strikes out swinging
Batting: RHB Kikuo Sato 0-0: Ball
1-0: Called Strike
1-1: Called Strike
1-2: Ball
2-2: Foul Ball, location: 2F
2-2: Ball
3-2: Base on Balls
Batting: RHB Salvador Avina 0-0: Called Strike
0-1: Foul Ball, location: 2F
0-2: Ball
Kikuo Sato is caught stealing 2nd base 2-4
Bottom of the 5th over - 0 runs, 0 hits, 0 errors, 0 left on base; Los Angeles (NYP) 1 - Everett 1
TOP OF THE 6TH
Los Angeles (NYP) Angels batting - Pitching for Everett AquaSox : RHP In Bea
Batting: RHB Tsega Haida 0-0: Called Strike
0-1: Fly out, F6 (Flyball, 56D, EV 86.3 MPH)
Batting: RHB Jon Griffin 0-0: Ball
1-0: Ball
2-0: Foul Ball, location: 2F
2-1: Called Strike
2-2: Foul Ball, location: 2F
2-2: Ball
3-2: Foul Ball, location: 2F
3-2: Strikes out swinging
Batting: SHB Conor Davies 0-0: Ball
1-0: Fly out, F9 (Flyball, 9LD, EV 90.0 MPH)
Top of the 6th over - 0 runs, 0 hits, 0 errors, 0 left on base; Los Angeles (NYP) 1 - Everett 1
BOTTOM OF THE 6TH
Everett AquaSox batting - Pitching for Los Angeles (NYP) Angels : RHP Bartholomeu Voivodic
Batting: RHB Salvador Avina 0-0: Ball
1-0: Foul Ball, location: 2F
1-1: Foul Ball, location: 2F
1-2: Ground out 5-3 (Groundball, 5, EV 112.5 MPH)
Batting: RHB John Peterson 0-0: Ball
1-0: SINGLE (Line Drive, 34D, EV 98.1 MPH)
Batting: LHB Jawad Fahad 0-0: Ball
1-0: Swinging Strike
1-1: Ball
Wild Pitch!
John Peterson to second
2-1: Reached on error, E3 (Groundball, 34S, EV 87.5 MPH)
John Peterson to third
Batting: RHB Hideo Okimura 0-0: Ball
1-0: Ball
2-0: Called Strike
2-1: Ball
3-1: Foul Ball, location: 2F
3-2: Fly out, F7 (Line Drive, 8LM, EV 95.6 MPH)
Runner from 3rd tags up, SCORES, no throw by LF
Batting: LHB Kenny Gerrity 0-0: Ground out 4-3 (Groundball, 34, EV 94.4 MPH)
Bottom of the 6th over - 1 run, 1 hit, 1 error, 1 left on base; Los Angeles (NYP) 1 - Everett 2
TOP OF THE 7TH
Los Angeles (NYP) Angels batting - Pitching for Everett AquaSox : RHP In Bea
Batting: RHB John Beddow 0-0: Foul Ball, location: 2F
0-1: Ball
1-1: Foul Ball, location: 2F
1-2: Ground out 6-3 (Groundball, P, EV 86.3 MPH)
Batting: RHB Jason Habeck 0-0: Called Strike
0-1: Ball
1-1: Swinging Strike
1-2: Ball
2-2: Ball
3-2: Base on Balls
Batting: RHB Steve Hughey 0-0: Foul Ball, location: 2F
0-1: Ball
1-1: Foul Ball, location: 2F
1-2: Strikes out looking
Batting: RHB David Kunze 0-0: Ball
1-0: Called Strike
1-1: Foul Ball, location: 2F
1-2: Strikes out swinging
Top of the 7th over - 0 runs, 0 hits, 0 errors, 1 left on base; Los Angeles (NYP) 1 - Everett 2
BOTTOM OF THE 7TH
Everett AquaSox batting - Pitching for Los Angeles (NYP) Angels : RHP Bartholomeu Voivodic
Batting: SHB Raghnall Ahearne 0-0: Ball
1-0: Ball
2-0: Ball
3-0: Base on Balls
Batting: RHB Clay Statum 0-0: Ball
1-0: Called Strike
1-1: Ball
Raghnall Ahearne steals 2nd base
2-1: Foul Ball, location: 2F
2-2: DOUBLE (Groundball, 3L, EV 103.8 MPH)
Raghnall Ahearne scores
Batting: SHB Ryan Clark 0-0: Ball
1-0: Called Strike
1-1: Ball
2-1: Ball
3-1: Foul Ball, location: 2F
3-2: Strikes out swinging
Pitching: LHP Brandon Davis
Batting: RHB Kikuo Sato 0-0: Ball
1-0: Called Strike
1-1: Ground out 5-3 (Groundball, 56, EV 100.6 MPH)
Batting: RHB Salvador Avina 0-0: Ball
1-0: Foul Ball, location: 2F
1-1: Swinging Strike
1-2: Foul Ball, location: 2F
1-2: Strikes out swinging
Bottom of the 7th over - 1 run, 1 hit, 0 errors, 1 left on base; Los Angeles (NYP) 1 - Everett 3
TOP OF THE 8TH
Los Angeles (NYP) Angels batting - Pitching for Everett AquaSox : RHP In Bea
Pitching: RHP Jose Sandoval
Batting: RHB D.J. Martinez 0-0: Ball
1-0: Swinging Strike
1-1: Foul Ball, location: 2F
1-2: Ground out 6-3 (Groundball, 6, EV 101.9 MPH)
Batting: RHB Steve Hasson 0-0: Ball
1-0: Fly out, F9 (Flyball, 9D, EV 88.8 MPH)
Batting: RHB Tsega Haida 0-0: Ball
1-0: Ball
2-0: Ball
3-0: Called Strike
3-1: Base on Balls
Batting: RHB Jon Griffin 0-0: Ball
1-0: Fly out, F7 (Flyball, 7S, EV 86.9 MPH)
Top of the 8th over - 0 runs, 0 hits, 0 errors, 1 left on base; Los Angeles (NYP) 1 - Everett 3
BOTTOM OF THE 8TH
Everett AquaSox batting - Pitching for Los Angeles (NYP) Angels : LHP Brandon Davis
Batting: RHB John Peterson 0-0: Called Strike
0-1: Ball
1-1: Ball
2-1: Ball
3-1: Base on Balls
Batting: LHB Jawad Fahad 0-0: Ball
1-0: Called Strike
1-1: Foul Ball, location: 2F
1-2: Fly out, F8 (Flyball, 8LD, EV 82.5 MPH)
Batting: RHB Hideo Okimura 0-0: Ball
1-0: Grounds into double play, 4-6-3 (Groundball, 34, EV 86.9 MPH)
Bottom of the 8th over - 0 runs, 0 hits, 0 errors, 0 left on base; Los Angeles (NYP) 1 - Everett 3
TOP OF THE 9TH
Los Angeles (NYP) Angels batting - Pitching for Everett AquaSox : RHP Jose Sandoval
Pitching: RHP Yat-sen Zhen
Now at 1B: David Walker
Batting: SHB Conor Davies 0-0: Ball
1-0: SOLO HOME RUN (Flyball, 89XD, EV 96.9 MPH), Distance : 391 ft
Batting: RHB John Beddow 0-0: Ball
1-0: Foul Ball, location: 2F
1-1: Foul Ball, location: 2F
1-2: Ball
2-2: Strikes out swinging
Pinch Hitting: RHB Randy Grewe 0-0: Swinging Strike
0-1: Ball
1-1: Ball
2-1: Ground out 6-3 (Groundball, 6, EV 80.6 MPH)
Batting: RHB Steve Hughey 0-0: Ball
1-0: Ball
2-0: Fly out, F9 (Flyball, 89M, EV 80.0 MPH)
Top of the 9th over - 1 run, 1 hit, 0 errors, 0 left on base; Los Angeles (NYP) 2 - Everett 3
Thursday, March 31st , 2022 - OOTP Baseball 22.12 Build 89